 Dungeon Crawl Stone Soup version 0.30-a0-847-g17996783a1 (webtiles) character file.

Game seed: 8746898374616529768

961 Pimp the Covered (level 7, -19/64 HPs)
             Began as an Armataur Fighter on Mar 3, 2023.
             Engulfed by a cloud of flame (22 damage)
             ... on level 5 of the Dungeon.
             The game lasted 00:09:16 (3661 turns).

Pimp the Covered (Armataur Fighter)                 Turns: 3661, Time: 00:09:16

Health: -19/64     AC: 13    Str: 23    XL:     7   Next: 92%
Magic:  7/7        EV:  4    Int:  8    God:
Gold:   241        SH:  0    Dex: 10    Spells: 6/6 levels left

rFire   . . .      SeeInvis .    a - +1 war axe
rCold   . . .      Faith    .    c - +0 buckler
rNeg    . . .      Spirit   .    o - +1 plate armour
rPois   .          Reflect  .    (no helmet)
rElec   .          Roll     +    f - +0 cloak
rCorr   .                        (no gloves)
Will    .....                    (no barding) Stlth
                                 t - amulet of regeneration
HPRegen 1.10/turn                (no ring)
MPRegen 0.10/turn                (no ring)

@: confused, ambrosia-drunk, studying Invocations
A: large, rugged brown scales 3, deformed body, armoured tail, roll, long
tongue, awkward tongue
a: no special abilities


You were on level 5 of the Dungeon.
You visited 1 branch of the dungeon, and saw 5 of its levels.

You collected 241 gold pieces.

Inventory:

Hand Weapons
 a - a +1 war axe (weapon)
Armour
 b - a +0 scale mail
 c - a +0 buckler (worn)
 f - a +0 cloak (worn)
 o - a +1 plate armour (worn)
Jewellery
 t - an amulet of regeneration (around neck)
Wands
 d - a wand of mindburst (14)
 j - a wand of polymorph (11)
 l - a wand of flame (19)
Scrolls
 h - 4 scrolls of identify
 v - a scroll of enchant weapon
 w - a scroll of enchant armour
 x - a scroll of amnesia
Potions
 e - 2 potions of ambrosia
 g - a potion of magic {unknown}
 i - 2 potions of lignification {unknown}
 k - 2 potions of flight {unknown}
 m - a potion of invisibility {unknown}
 n - a potion of degeneration {unknown}
 p - a potion of attraction {unknown}
 r - 3 potions of curing {unknown}
 s - a potion of haste {unknown}


   Skills:
 + Level 4.9 Fighting
 + Level 4.0 Axes
 + Level 6.6 Armour
 + Level 5.9 Shields


You had 6 spell levels left.
You didn't know any spells.
Your spell library contained the following spells:

 Spells                   Type           Power      Damage    Failure   Level
 Apportation              Tloc           0%         N/A       100%        1
 Necrotise                Necr           0%         1d4       100%        1
 Summon Small Mammal      Summ           0%         N/A       100%        1
 Cigotuvi's Dreadful Rot  Necr/Pois/Air  0%         N/A       100%        2
 Poisonous Vapours        Pois/Air       0%         N/A       100%        2
 Kindle Blastsparks       Fire/Tloc/Air  0%         2d10      100%        3
 Mephitic Cloud           Conj/Pois/Air  0%         N/A       100%        3
 Fulminant Prism          Conj/Hex       0%         3d5       100%        4
 Iskenderun's Mystic Bla  Conj/Tloc      0%         2d3       100%        4
 Lee's Rapid Deconstruct  Erth           0%         3d4*      100%        5


Dungeon Overview and Level Annotations

Branches:
Dungeon (5/15)
 Temple: D:4-7

Altars:
Zin

Shops:
D:4 *

Annotations:
D:5 Dowan


Innate Abilities, Weirdness & Mutations

You are completely covered in rugged brown scales. (AC +3, +7% HP)
Armour fits poorly on your strangely shaped body.
You have a long armoured tail.
You roll when moving toward enemies. (Rampage)
Your long tongue fully drains potion bottles. (2x potion effects)
Your tongue gives you trouble enunciating. (1.5x scroll delay)


Message History

Dowan points at you and mumbles some strange words.
The puff of frost misses you. The adder completely misses you.
Duvessa attacks as you move away! You block Duvessa's attack.
The adder bites you but does no damage. Duvessa attacks as you move away!
Duvessa hits you with a +0 short sword. The adder attacks as you move away!
The adder bites you but does no damage.
Dowan mumbles some strange words.
Dowan blinks!
Duvessa attacks as you move away! Duvessa barely misses you.
The adder attacks as you move away! The adder bites you but does no damage.
Duvessa hits you but does no damage. The adder bites you but does no damage.
A hound comes into view.
The hound barks!
The hound moves out of view.
Duvessa says, "When magic and the sword combine, nothing stands against them."
You barely miss the hound. You slash Duvessa!
Flame seeps out of Duvessa.
You block the hound's attack.
Duvessa is engulfed in blazing flames.
Flame seeps out of Duvessa.
Duvessa hits you but does no damage. The hound bites you but does no damage.
You closely miss the hound. You hit Duvessa but do no damage.
The hound bites you but does no damage.
Duvessa is engulfed in blazing flames.
You hear a distant wail of despair.
Duvessa explodes!
The fiery explosion engulfs you!!
The fiery explosion engulfs the adder!!!
The adder explodes!
The hound bites you.
Your Axes skill increases to level 4!
You barely miss the hound.
You are engulfed in blazing flames.
Dowan seems to find hidden reserves of power!
The hound bites you but does no damage. Dowan casts a spell at you.
The shard of ice hits you!!
* * * LOW HITPOINT WARNING * * *
The hound bites you but does no damage.
Okay, then.
You slurp down every last drop of the potion of ambrosia!
You are confused.
You feel invigorated.
You are engulfed in blazing flames.
You die...

###### ......# ......# ......#
######################## ......#
......h@)§§e.......#....
......#.###....######............
......#.# #... ##..e........
......#.# #.8 #...........
........###. #...........
............ #...........
#.#......##. #.....$.....
#.#......##.# #...........
..#.........8+8# #......#..$.


You could see Dowan (fast, inner flame, empowered) and a hound.

Vanquished Creatures
  Grinder (D:3)
  Duvessa (D:5)
  An ogre (D:4)
  A scorpion (D:5)
  A hound (D:4)
  An orc priest (D:3)
  Crazy Yiuf (D:3)
  Ijyb (D:3)
  Natasha (thrice) (D:3)
  3 iguanas (D:5)
  An orc wizard (D:5)
  3 gnolls (D:4)
  8 adders
  2 white imps (D:5)
  An ufetubus (D:4)
  2 worms
  8 orcs
  11 endoplasms
  5 giant cockroaches
  11 goblins
  6 hobgoblins
  3 jackals (D:2)
  4 kobolds
  5 quokkas
  12 ball pythons
  6 bats
  A frilled lizard (D:3)
  5 rats
108 creatures vanquished.

Notes
Turn   | Place    | Note
-------+----------+-------------------------------------------
     0 | D:1      | Pimp the Armataur Fighter began the quest for the Orb.
     0 | D:1      | Reached XP level 1. HP: 19/19 MP: 1/1
   287 | D:1      | Reached XP level 2. HP: 26/26 MP: 2/2
   612 | D:1      | Found a faded altar of an unknown god.
   686 | D:2      | Reached skill level 4 in Armour
   744 | D:2      | Reached XP level 3. HP: 28/33 MP: 3/3
  1650 | D:3      | Noticed Grinder
  1653 | D:3      | Paralysed by Grinder for 3 turns
  1665 | D:3      | Killed Grinder
  1666 | D:3      | Reached skill level 5 in Armour
  1666 | D:3      | Reached XP level 4. HP: 42/42 MP: 4/4
  1666 | D:3      | Reached XP level 5. HP: 49/49 MP: 5/5
  1700 | D:3      | Noticed Natasha
  1701 | D:3      | Killed Natasha
  1702 | D:3      | Reached XP level 6. HP: 55/55 MP: 6/6
  1735 | D:3      | Noticed Natasha
  1745 | D:3      | Killed Natasha
  2005 | D:3      | Noticed Ijyb
  2012 | D:3      | Killed Ijyb
  2154 | D:3      | Found a runed translucent door.
  2155 | D:3      | Noticed Crazy Yiuf
  2165 | D:3      | Killed Crazy Yiuf
  2166 | D:3      | Reached skill level 5 in Shields
  2386 | D:3      | Noticed Natasha
  2392 | D:3      | Killed Natasha
  2753 | D:4      | Found Lottos's Lightly-Used Armoury.
  2774 | D:4      | Reached XP level 7. HP: 37/63 MP: 7/7
  3116 | D:4      | Identified the +4 scale mail "Viozamen" {rPois Str-3 Int+5
                  | Stlth+}
  3318 | D:4      | Reached skill level 6 in Armour
  3467 | D:5      | Entered Level 5 of the Dungeon
  3577 | D:5      | Found a glowing silver altar of Zin.
  3639 | D:5      | Noticed Duvessa
  3641 | D:5      | Noticed Dowan
  3659 | D:5      | Killed Duvessa
  3660 | D:5      | HP: 3/64 [Dowan/shard of ice (25)]
  3661 | D:5      | Engulfed by a cloud of flame

Illustrated notes

Levels and vault maps discovered:
D:1:      dpeg_arrival_tiny_a, layout_loops_ring,
          chequers_ecumenical_altar_simple
D:2:      layout_basic, nicolae_underground_beach
D:3:      layout_loops_ring, grunt_ministairs_3, chequers_serial_rivers_micro_d,
          chequers_serial_rivers_small_b, chequers_serial_rivers_small_a,
          minmay_distorted, uniq_crazy_yiuf_cottage, uniq_grinder, uniq_natasha,
          uniq_ijyb
D:4:      wander_river, layout_basic, serial_corexii_hall,
          corexii_hall_statues_t, corexii_hall_statues_x, minmay_shop_damaged,
          minmay_ogre_servants
D:5:      layout_rooms, mainiacjoe_overflow_surrounded_room,
          jmf_multi_god_temple2, kennysheep_generic_room_11, uniq_duvessa

Skill      XL: |  1  2  3  4  5  6  7 |
---------------+----------------------+-----
Armour         | 4 5 6 |  6.6
Fighting       | 3 4 |  4.9
Axes           | 2 3 4 |  4.0
Shields        | 4 5 |  5.9

Action                     |  1- 3 |  4- 6 |  7- 9 || total
---------------------------+-------+-------+-------++-------
  Melee: War axe           |   107 |    98 |    76 ||   281
         Tailslap          |     7 |     5 |     8 ||    20
         Unarmed           |     6 |       |       ||     6
    Use: Scroll            |     5 |     2 |     2 ||     9
         Potion            |     2 |     2 |     1 ||     5
 Armour: Scale mail        |    36 |       |       ||    36
         Plate armour      |    33 |    54 |    55 ||   142
  Dodge: Dodged            |    25 |    24 |    17 ||    66
  Block: Buckler           |    30 |    22 |    19 ||    71

Table legend: (Time is in decaauts)
 A = Elapsed time spent in this place.
 B = Non-inter-level travel time spent in this place.
 C = Inter-level travel time spent in this place.
 D = Time resting spent in this place.
 E = Time spent auto-exploring this place.
 F = Levels seen in this place.
 G = Mean time per level.
                   A        B        C        D        E       F      G
               +--------+--------+--------+--------+--------+-----+--------+
         Total |   3779 |   3664 |    115 |    234 |   2534 |   5 |  755.8 |
       Dungeon |   3779 |   3664 |    115 |    234 |   2534 |   5 |  755.8 |
               +--------+--------+--------+--------+--------+-----+--------+

Top non-repeatable levels by time:
     D:2: 1010 daAuts
     D:3: 966 daAuts
     D:4: 909 daAuts
     D:1: 686 daAuts
     D:5: 207 daAuts
